 Dungeon Crawl Stone Soup version 0.25.1-2-g60ff931df9 (webtiles) character file.

Game seed: 13684053272408744291

79 Peloso the Skirmisher (level 4, -1/35 HPs)
             Began as a Demonspawn Fighter on Aug 22, 2020.
             Killed by nerve-wracking pain
             ... invoked by an orc priest
              (12 damage)
             ... on level 3 of the Dungeon.
             The game lasted 00:03:36 (2489 turns).

Peloso the Skirmisher (Demonspawn Fighter)          Turns: 2489, Time: 00:03:36

Health: -1/35      AC:  9    Str: 18    XL:     4   Next: 17%
Magic:  0/4        EV:  7    Int:  9    God:
Gold:   52         SH:  9    Dex: 12    Spells: 3/3 levels left

rFire    x . .     SeeInvis .   a - +0 long sword
rCold    + . .     Gourm    .   c - +0 kite shield
rNeg     . . .     Faith    .   q - +0 chain mail
rPois    .         Spirit   +   (no helmet)
rElec    .         Reflect  .   (no cloak)
rCorr    .         Harm     .   (no gloves)
MR       .....                  (no boots)
Stlth    ..........             j - amulet of guardian spirit
HPRegen  0.11/turn              p - ring of ice
MPRegen  0.09/turn              l - ring of attention (curse)

@: no status effects
A: claws 1, repulsion field 1
a: no special abilities


You were on level 3 of the Dungeon.
You were not hungry.

You visited 1 branch of the dungeon, and saw 3 of its levels.

You collected 52 gold pieces.

Inventory:

Hand Weapons
 a - a +0 long sword (weapon)
Missiles
 k - 22 bolts
Armour
 b - a +0 scale mail
 c - a +0 kite shield (worn)
 q - a +0 chain mail (worn)
Jewellery
 g - an uncursed amulet of faith
 j - an amulet of guardian spirit (around neck)
 l - a cursed ring of attention (right claw)
 p - a ring of ice (left claw)
Scrolls
 e - a scroll of identify
 h - 2 scrolls of fear
 m - a scroll of remove curse {unknown}
Potions
 d - a potion of might
 i - a potion of heal wounds
 n - a potion of cancellation
 o - a potion of haste
Comestibles
 f - 7 rations


   Skills:
 + Level 3.4 Fighting
 + Level 2.3 Long Blades
 + Level 3.3 Armour
 + Level 0.4 Dodging
 + Level 0.3 Stealth
 + Level 3.3 Shields


You had 3 spell levels left.
You didn't know any spells.
Your spell library contained the following spells:

 Spells                   Type           Power        Failure   Level  Hunger
 Confusing Touch          Hex            #.......     100%        3    ####...
 Gell's Gravitas          Tloc           #.........   100%        3    ####...
 Petrify                  Tmut/Erth      #.......     100%        4    #####..
 Metabolic Englaciation   Hex/Ice        #.........   100%        5    ######.
 Yara's Violent Unravell  Hex/Tmut       #.........   100%        5    ######.


Dungeon Overview and Level Annotations

Branches:
Dungeon (3/15)

Altars:


Innate Abilities, Weirdness & Mutations

You have sharp fingernails.
You are surrounded by a mild repulsion field. (EV +2)


Message History

The orc priest hits you with a +0 flail.
You hit the orc priest but do no damage.
The orc priest hits you with a +0 flail.
* * * LOW HITPOINT WARNING * * *
You hit the orc priest but do no damage.
The orc priest hits you but does no damage.
Your shield and chain mail prevent you from hitting the orc priest.
The orc priest hits you but does no damage.
You hit the orc priest.
The orc priest is lightly wounded.
You block the orc priest's attack.
The orc priest hits you but does no damage.
You hit the orc priest but do no damage.
The orc priest is lightly wounded.
The orc priest barely misses you.
You closely miss the orc priest.
The orc priest is lightly wounded.
The orc priest mumbles some strange prayers to Beogh against you.
Pain shoots through your body!
You die...

# ##### .#
....######.#
#.........##.#
###..##.........
#...%<).@o..#
#.#..##.....#
.......#...##
.......#.##.#...
....#.... .#....
....####. ..
.... ... #. ##.
... ## .. .....


You could see an orc priest.

Vanquished Creatures
  An adder (D:2)
  A worm (D:2)
  A dart slug (D:1)
  5 orcs (D:2)
  A ball python (D:2)
  2 giant cockroaches (D:1)
  9 goblins
  5 hobgoblins
  7 jackals
  7 bats
  5 frilled lizards
  4 kobolds
  9 rats
57 creatures vanquished.

Notes
Turn   | Place    | Note
-------+----------+-------------------------------------------
     0 | D:1      | Peloso the Demonspawn Fighter began the quest for the Orb.
     0 | D:1      | Reached XP level 1. HP: 18/18 MP: 1/1
   119 | D:1      | Gained mutation: You have sharp fingernails. [demonic
                  | ancestry]
   119 | D:1      | Reached XP level 2. HP: 22/24 MP: 2/2
   955 | D:1      | Gained mutation: You are surrounded by a mild repulsion
                  | field. (EV +2) [demonic ancestry]
   955 | D:1      | Reached XP level 3. HP: 13/29 MP: 3/3
  2301 | D:2      | Reached XP level 4. HP: 31/35 MP: 2/4
  2489 | D:3      | Killed from afar by an orc priest

Illustrated notes

Levels and vault maps discovered:
D:1:      dpeg_arrival_arbitrary_c, layout_basic, serial_corexii_hall,
          corexii_hall_statues_s, chequers_hall_statues_corner_a,
          chequers_hall_statues_corner_a, corexii_hall_statues_x,
          corexii_hall_statues_t, corexii_hall_statues_l
D:2:      layout_loops_ring, first_ration, minmay_misc_feat_encased
D:3:      layout_loops_cross

Skill      XL: |  1  2  3 |
---------------+----------+-----
Armour         | 3 |  3.3
Shields        | 3 |  3.3
Long Blades    | 2 |  2.3
Fighting       | |  3.4
Dodging        | |  0.4
Stealth        | |  0.3

Action                   |  1- 3 |  4- 6 || total
-------------------------+-------+-------++-------
Melee: Long sword        |   156 |    28 ||   184
  Use: Scroll            |     4 |       ||     4
  Eat: Chunk             |     4 |     1 ||     5
Armor: Scale mail        |    87 |       ||    87
       Chain mail        |       |    11 ||    11
Dodge: Dodged            |    55 |    16 ||    71
Block: Kite shield       |    78 |    19 ||    97
       Rpst.: Long sword |    20 |     5 ||    25
